 Dungeon Crawl Stone Soup version 0.18.1-50-g88ac8fd (webtiles) character file.

60 Drunkenshrew the Charmwright (level 3, -8/25 HPs)
             Began as a High Elf Skald on Sept 19, 2016.
             Mangled by a gnoll
             ... wielding a +0 flail
              (10 damage)
             ... on level 2 of the Dungeon.
             The game lasted 00:06:53 (1833 turns).

Drunkenshrew the Charmwright (High Elf Skald)       Turns: 1833, Time: 00:06:54

Health: -8/25      AC:  3    Str: 12    XL:     3   Next: 80%
Magic:  3/8        EV: 12    Int: 16    God:
Gold:   82         SH:  0    Dex: 14    Spells: 1 memorised, 6 levels left

rFire  . . .     SeeInvis .     a - +0 falchion
rCold  . . .     Gourm    .     b - +0 leather armour
rNeg   . . .     Faith    .     (no shield)
rPois  .         Spirit   .     (no helmet)
rElec  .         Dismiss  .     (no cloak)
rCorr  .         Reflect  .     (no gloves)
SustAt .         Harm     .     (no boots)
MR     .....                    (no amulet)
Stlth  ++........               (no ring)
                                q - ring of stealth

@: not resistant to hostile enchantments, unstealthy
A: no striking features
a: no special abilities


You were on level 2 of the Dungeon.
You were not hungry.

You visited 1 branch of the dungeon, and saw 2 of its levels.

You collected 82 gold pieces.

Inventory:

Hand Weapons
 a - a +0 falchion (weapon)
Missiles
 e - 34 bolts
 g - 31 arrows
Armour
 b - a +0 leather armour (worn)
Jewellery
 q - a ring of stealth (left hand)
Scrolls
 j - a scroll of remove curse
 k - a scroll of identify
Potions
 f - a potion of lignification
 l - a potion of cancellation {unknown}
 m - a potion of brilliance {unknown}
Books
 c - a book of Battle

   Spells                             Type                      Level
   a - Infusion                       Charms                       1
   b - Shroud of Golubria             Charms/Translocation         2
   c - Song of Slaying                Charms                       2
   d - Spectral Weapon                Hexes/Charms                 3
   e - Regeneration                   Charms/Necromancy            3
Comestibles
 d - a bread ration
 i - a beef jerky


   Skills:
 + Level 2.4 Fighting
 - Level 2.4 Long Blades
 + Level 1.6 Armour
 - Level 2.1 Dodging
 + Level 0.0 Stealth
 + Level 2.8 Spellcasting
 + Level 4.3 Charms


You had 6 spell levels left.
You knew the following spells:

 Your Spells              Type           Power        Failure   Level  Hunger
a - Infusion              Chrm           ###.         4%          1    #......


Dungeon Overview and Level Annotations

Branches:
Dungeon (2/15)

Altars:
Fedhas


Message History

You kill the rat!
You see here a rat corpse.
Your magical infusion is running out.
You hit the kobold.
The kobold is severely wounded.
The kobold hits you with a club.
A gnoll comes into view. It is wielding a flail.
You hit the kobold!
You kill the kobold!
The gnoll hits you with a flail.
Things that are here:
a club; a kobold corpse You barely miss the gnoll.
The gnoll hits you with a flail!
Ouch! That really hurt!
* * * LOW HITPOINT WARNING * * *
You hit the gnoll.
The gnoll is heavily wounded.
You are no longer magically infusing your attacks.
The gnoll hits you with a flail!
You die...

#........#♣.P.♣..P♣
#.........♣.P..P♣.....§§
#........P.♣.♣PPP..♣.♣♣§
#........♣.P.P♣P.♣♣..♣
#.........♣P♣♣♣r♣...♣♣
........###...♣.P.♣..
#######†###....♣.♣. ..
........g#...♣♣♣.♣♣. ♣♣
#####..@..♣♣.. .. #+
#....P..♣♣♣
.............
#.#....>.♣♣♣.♣♣ #.......
§♣ #.##.##♣. . #. .. P #
.. .


You could see a gnoll.

Vanquished Creatures
  An ooze (D:1)
  4 dart slugs (D:1)
  3 giant geckos
  A bat (D:1)
  3 giant cockroaches
  5 hobgoblins (D:1)
  3 jackals
  3 kobolds
  3 quokkas (D:2)
  A ball python (D:2)
  4 giant newts
  6 goblins
  4 rats
41 creatures vanquished.

Vanquished Creatures (others)
  A plant (D:2)
1 creature vanquished.

Grand Total: 42 creatures vanquished

Notes
Turn   | Place    | Note
--------------------------------------------------------------
     0 | D:1      | Drunkenshrew the High Elf Skald began the quest for the Orb.
     0 | D:1      | Reached XP level 1. HP: 14/14 MP: 4/4
    83 | D:1      | Reached skill level 1 in Armour
   494 | D:1      | Reached XP level 2. HP: 14/19 MP: 0/6
   665 | D:1      | Reached skill level 4 in Charms
  1001 | D:1      | Reached XP level 3. HP: 24/25 MP: 2/8
  1461 | D:2      | Found a blossoming altar of Fedhas.
  1833 | D:2      | Mangled by a gnoll

Skill      XL: |  1  2  3 |
---------------+----------+-----
Armour         | 1 |  1.6
Charms         | 4 |  4.3
Dodging        | 2 |  2.1
Fighting       | |  2.4
Long Blades    | |  2.4
Spellcasting   | |  2.8

Action                   || total
-------------------------++-------
Melee: Falchion          ||   107
 Cast: Infusion          ||    18
  Use: Scroll            ||     5
 Stab: Sleeping          ||     1
  Eat: Fruit             ||     4
Armor: Leather armour    ||    30
Dodge: Dodged            ||    76
